EL
BOWIE BAYSOX @ PORTLAND SEA DOGS
08/20/2046
 
TOP OF THE 1ST
Bowie Baysox batting - Pitching for Portland Sea Dogs : LHP Will Sledge
Pitching: LHP Will Sledge
Batting: RHB Ryan Taylor 0-0: Called Strike
0-1: Foul Ball, location: 2F
0-2: Foul Ball, location: 2F
0-2: Ball
1-2: Ball
2-2: Ground out 6-3 (Groundball, 6, EV 106.2 MPH)
Batting: LHB Wes Goscinski 0-0: Ball
1-0: Ball
2-0: Fly out, F7 (Flyball, 78D, EV 105.6 MPH)
Batting: RHB Willie Manrique 0-0: Called Strike
0-1: Swinging Strike
0-2: Strikes out swinging
Top of the 1st over - 0 runs, 0 hits, 0 errors, 0 left on base; Bowie 0 - Portland 0
BOTTOM OF THE 1ST
Portland Sea Dogs batting - Pitching for Bowie Baysox : LHP Joel Beery
Pitching: LHP Joel Beery
Batting: RHB John Chiesa 0-0: Called Strike
0-1: Swinging Strike
0-2: Ground out U3 (Groundball, 34, EV 96.9 MPH)
Batting: RHB Matt Hinkle 0-0: Called Strike
0-1: Ground out 5-3 (Groundball, 56, EV 80.6 MPH)
Batting: RHB William Lung 0-0: Called Strike
0-1: Ball
1-1: Called Strike
1-2: Foul Ball, location: 2F
1-2: Ground out U3 (Groundball, 34, EV 88.1 MPH)
Bottom of the 1st over - 0 runs, 0 hits, 0 errors, 0 left on base; Bowie 0 - Portland 0
TOP OF THE 2ND
Bowie Baysox batting - Pitching for Portland Sea Dogs : LHP Will Sledge
Batting: RHB Jordan Wallace 0-0: Foul Ball, location: 2F
0-1: Called Strike
0-2: Ball
1-2: Ball
2-2: Ball
3-2: Foul Ball, location: 2F
3-2: Ground out 6-3 (Groundball, 6, EV 90.6 MPH)
Batting: RHB Danny Merrill 0-0: Swinging Strike
0-1: Foul Ball, location: 2F
0-2: Ball
1-2: Ball
2-2: Foul Ball, location: 2F
2-2: Ball
3-2: Strikes out swinging
Batting: RHB Andy Chess 0-0: Ball
1-0: Foul Ball, location: 2F
1-1: Swinging Strike
1-2: Strikes out swinging
Top of the 2nd over - 0 runs, 0 hits, 0 errors, 0 left on base; Bowie 0 - Portland 0
BOTTOM OF THE 2ND
Portland Sea Dogs batting - Pitching for Bowie Baysox : LHP Joel Beery
Batting: RHB Tommy Boudreaux 0-0: Called Strike
0-1: Fly out, F8 (Line Drive, 8LM, EV 96.2 MPH)
Batting: LHB Jarrett Mordecai 0-0: Swinging Strike
0-1: Ground out U3 (Groundball, 3, EV 101.9 MPH)
Batting: RHB Mike Cavagnaro 0-0: Ball
1-0: Ball
2-0: Called Strike
2-1: DOUBLE (Groundball, 5L, EV 103.1 MPH)
Batting: RHB Frank Sokolosky 0-0: Called Strike
0-1: Ball
1-1: TRIPLE (Flyball, 9LD, EV 103.1 MPH)
Mike Cavagnaro scores
Batting: RHB Nick Cottrell 0-0: Ball
1-0: Ground out 5-3 (Groundball, 56S, EV 89.4 MPH)
Bottom of the 2nd over - 1 run, 2 hits, 0 errors, 1 left on base; Bowie 0 - Portland 1
TOP OF THE 3RD
Bowie Baysox batting - Pitching for Portland Sea Dogs : LHP Will Sledge
Batting: LHB Ben Goldstein 0-0: Ball
1-0: Ball
2-0: Ground out 2-3 (Groundball, 15S, EV 66.2 MPH)
Batting: RHB Travis Carter 0-0: Fly out, F7 (Flyball, 7D, EV 81.2 MPH)
Batting: RHB Julio Ehm 0-0: Called Strike
0-1: Swinging Strike
0-2: Ball
1-2: Foul Ball, location: 2F
1-2: Foul Ball, location: 2F
1-2: Strikes out swinging
Top of the 3rd over - 0 runs, 0 hits, 0 errors, 0 left on base; Bowie 0 - Portland 1
BOTTOM OF THE 3RD
Portland Sea Dogs batting - Pitching for Bowie Baysox : LHP Joel Beery
Batting: RHB Pat Bulger 0-0: Ball
1-0: Called Strike
1-1: Fly out, F9 (Flyball, 89M, EV 91.9 MPH)
Batting: RHB John Chiesa 0-0: Ball
1-0: Ball
2-0: Called Strike
2-1: Ball
3-1: SINGLE (Line Drive, 89M, EV 95.6 MPH)
Batting: RHB Matt Hinkle 0-0: Ball
1-0: Ball
2-0: Ball
3-0: Called Strike
3-1: Base on Balls
John Chiesa to second
Batting: RHB William Lung 0-0: Ball
1-0: Called Strike
John Chiesa steals 3rd base
Matt Hinkle to second
1-1: Foul Ball, location: 2F
1-2: Foul Ball, location: 2F
1-2: Foul Ball, location: 2F
1-2: Ball
2-2: Strikes out swinging
Batting: RHB Tommy Boudreaux 0-0: Ball
1-0: Foul Ball, location: 2F
1-1: Ball
2-1: Ball
3-1: Called Strike
3-2: Fly out, F6 (Popup, 4MD, EV 50.0 MPH)
Bottom of the 3rd over - 0 runs, 1 hit, 0 errors, 2 left on base; Bowie 0 - Portland 1
TOP OF THE 4TH
Bowie Baysox batting - Pitching for Portland Sea Dogs : LHP Will Sledge
Batting: RHB Ryan Taylor 0-0: Called Strike
0-1: Foul Ball, location: 2F
0-2: Foul Ball, location: 2F
0-2: Ball
1-2: Ball
2-2: Strikes out swinging
Batting: LHB Wes Goscinski 0-0: Called Strike
0-1: Ball
1-1: Ball
2-1: Swinging Strike
2-2: SOLO HOME RUN (Flyball, 9LD, EV 95.0 MPH), Distance : 339 ft
Batting: RHB Willie Manrique 0-0: Ball
1-0: Called Strike
1-1: DOUBLE (Line Drive, 78D, EV 101.9 MPH)
Batting: RHB Jordan Wallace 0-0: Swinging Strike
0-1: Called Strike
0-2: Ball
1-2: Foul Ball, location: 2F
1-2: Ball
2-2: Strikes out looking
Batting: RHB Danny Merrill 0-0: SINGLE (Groundball, 56D, EV 98.1 MPH)
Willie Manrique to third
Runner from 3rd tries for Home, SAFE, throw by LF to home
Batting: RHB Andy Chess 0-0: Foul Ball, location: 2F
0-1: Called Strike
0-2: Strikes out swinging
Top of the 4th over - 2 runs, 3 hits, 0 errors, 1 left on base; Bowie 2 - Portland 1
BOTTOM OF THE 4TH
Portland Sea Dogs batting - Pitching for Bowie Baysox : LHP Joel Beery
Batting: LHB Jarrett Mordecai 0-0: Called Strike
0-1: Ground out U3 (Groundball, 34S, EV 85.0 MPH)
Batting: RHB Mike Cavagnaro 0-0: Called Strike
0-1: Ball
1-1: DOUBLE (Line Drive, 89D, EV 111.2 MPH)
Batting: RHB Frank Sokolosky 0-0: Called Strike
0-1: Ball
1-1: Ground out 4-3 (Groundball, 4, EV 81.2 MPH)
Mike Cavagnaro to third
Batting: RHB Nick Cottrell 0-0: Foul Ball, location: 2F
0-1: Swinging Strike
0-2: Strikes out swinging passed ball, reaches first!
Mike Cavagnaro scores
Batting: RHB Pat Bulger 0-0: Ball
1-0: Foul Ball, location: 2F
1-1: Called Strike
1-2: Fly out, F3 (Popup, 3SF, EV 80.0 MPH)
Bottom of the 4th over - 1 run, 1 hit, 0 errors, 1 left on base; Bowie 2 - Portland 2
TOP OF THE 5TH
Bowie Baysox batting - Pitching for Portland Sea Dogs : LHP Will Sledge
Batting: LHB Ben Goldstein 0-0: Ball
1-0: Called Strike
1-1: Swinging Strike
1-2: Ball
2-2: Fly out, F7 (Flyball, 78S, EV 90.6 MPH)
Batting: RHB Travis Carter 0-0: Ball
1-0: Ground out 3-1 (Groundball, 34, EV 82.5 MPH)
Batting: RHB Julio Ehm 0-0: Called Strike
0-1: Ball
1-1: Ball
2-1: Ball
3-1: Swinging Strike
3-2: Base on Balls
Batting: RHB Ryan Taylor 0-0: Foul Ball, location: 2F
0-1: Swinging Strike
0-2: Strikes out looking
Top of the 5th over - 0 runs, 0 hits, 0 errors, 1 left on base; Bowie 2 - Portland 2
BOTTOM OF THE 5TH
Portland Sea Dogs batting - Pitching for Bowie Baysox : LHP Joel Beery
Batting: RHB John Chiesa 0-0: Called Strike
0-1: Called Strike
0-2: Ball
1-2: SINGLE (Line Drive, 56, EV 97.5 MPH)
Batting: RHB Matt Hinkle 0-0: Ball
1-0: Ball
2-0: Foul Ball, location: 2F
2-1: Foul Ball, location: 2F
2-2: Strikes out looking
Batting: RHB William Lung 0-0: Called Strike
0-1: Ball
1-1: Ball
2-1: Ball
3-1: Base on Balls
John Chiesa to second
Batting: RHB Tommy Boudreaux 0-0: Called Strike
John Chiesa steals 3rd, throwing error, E2
John Chiesa scores
William Lung to third
0-1: Ground out 4-3 (Groundball, 34, EV 105.6 MPH)
William Lung scores
Batting: LHB Jarrett Mordecai 0-0: Ball
1-0: Foul Ball, location: 2F
1-1: Ball
2-1: Ball
3-1: Called Strike
3-2: Ground out 6-3 (Groundball, 4, EV 88.1 MPH)
Bottom of the 5th over - 2 runs, 1 hit, 1 error, 0 left on base; Bowie 2 - Portland 4
TOP OF THE 6TH
Bowie Baysox batting - Pitching for Portland Sea Dogs : LHP Will Sledge
Batting: LHB Wes Goscinski 0-0: SOLO HOME RUN (Flyball, 8RXD, EV 106.2 MPH), Distance : 418 ft
Batting: RHB Willie Manrique 0-0: Ball
1-0: Foul Ball, location: 2F
1-1: Called Strike
1-2: Strikes out swinging
Batting: RHB Jordan Wallace 0-0: Ball
1-0: Swinging Strike
1-1: Swinging Strike
1-2: Ball
2-2: Foul Ball, location: 2F
2-2: Foul Ball, location: 2F
2-2: Ball
3-2: Strikes out swinging
Batting: RHB Danny Merrill 0-0: Swinging Strike
0-1: Ball
1-1: Ball
2-1: Called Strike
2-2: Strikes out swinging
Top of the 6th over - 1 run, 1 hit, 0 errors, 0 left on base; Bowie 3 - Portland 4
BOTTOM OF THE 6TH
Portland Sea Dogs batting - Pitching for Bowie Baysox : LHP Joel Beery
Batting: RHB Mike Cavagnaro 0-0: Ball
1-0: Called Strike
1-1: Ball
2-1: Ball
3-1: Ground out 6-3 (Groundball, 6, EV 80.0 MPH)
Batting: RHB Frank Sokolosky 0-0: Ball
1-0: Called Strike
1-1: Ball
2-1: SINGLE (Groundball, 34D, EV 98.1 MPH)
Batting: RHB Nick Cottrell 0-0: Called Strike
0-1: Grounds into double play, 4-6-3 (Groundball, 34, EV 93.8 MPH)
Bottom of the 6th over - 0 runs, 1 hit, 0 errors, 0 left on base; Bowie 3 - Portland 4
TOP OF THE 7TH
Bowie Baysox batting - Pitching for Portland Sea Dogs : LHP Will Sledge
Pitching: RHP Elliot Monroe
Batting: RHB Andy Chess 0-0: Swinging Strike
0-1: Ball
1-1: Called Strike
1-2: Foul Ball, location: 2F
1-2: Ball
2-2: Strikes out looking
Pitching: LHP Kyle Worford
Batting: LHB Ben Goldstein 0-0: Ball
1-0: Ball
2-0: Fly out, F9 (Line Drive, 89D, EV 96.9 MPH)
Batting: RHB Travis Carter 0-0: Called Strike
0-1: Fly out, F8 (Flyball, 8RD, EV 100.6 MPH)
Top of the 7th over - 0 runs, 0 hits, 0 errors, 0 left on base; Bowie 3 - Portland 4
BOTTOM OF THE 7TH
Portland Sea Dogs batting - Pitching for Bowie Baysox : LHP Joel Beery
Batting: RHB Pat Bulger 0-0: Fly out, F9 (Flyball, 89S, EV 89.4 MPH)
Batting: RHB John Chiesa 0-0: Ball
1-0: Swinging Strike
1-1: SINGLE (Groundball, 56D, EV 100.6 MPH)
Pitching: LHP Taylor Sightler
Batting: RHB Matt Hinkle 0-0: Foul Ball, location: 2F
0-1: Ball
1-1: Called Strike
1-2: Ball
John Chiesa steals 2nd, throwing error, E2
John Chiesa to third
2-2: Ball
3-2: Ground out 6-3 (Groundball, 6, EV 82.5 MPH)
Batting: RHB William Lung 0-0: Ball
1-0: Foul Ball, location: 2F
1-1: Ball
2-1: Swinging Strike
2-2: Ball
3-2: Strikes out looking
Bottom of the 7th over - 0 runs, 1 hit, 1 error, 1 left on base; Bowie 3 - Portland 4
TOP OF THE 8TH
Bowie Baysox batting - Pitching for Portland Sea Dogs : LHP Kyle Worford
Batting: RHB Julio Ehm 0-0: Called Strike
0-1: Ball
1-1: Ground out 6-3 (Groundball, 56, EV 86.9 MPH)
Batting: RHB Ryan Taylor 0-0: Called Strike
0-1: Ball
1-1: Called Strike
1-2: Foul Ball, location: 2F
1-2: Ball
2-2: Fly out, F8 (Flyball, 8RD, EV 110.6 MPH)
Batting: RHB Tony Logan 0-0: Ball
1-0: Called Strike
1-1: Called Strike
1-2: Strikes out looking
Top of the 8th over - 0 runs, 0 hits, 0 errors, 0 left on base; Bowie 3 - Portland 4
BOTTOM OF THE 8TH
Portland Sea Dogs batting - Pitching for Bowie Baysox : LHP Taylor Sightler
Batting: RHB Tommy Boudreaux 0-0: Ball
1-0: Swinging Strike
1-1: Called Strike
1-2: Ball
2-2: Strikes out swinging
Batting: LHB Jarrett Mordecai 0-0: Called Strike
0-1: Ball
1-1: Fly out, F8 (Flyball, 8RD, EV 99.4 MPH)
Batting: RHB Mike Cavagnaro 0-0: Swinging Strike
0-1: Swinging Strike
0-2: Ball
1-2: Ball
2-2: Strikes out looking
Bottom of the 8th over - 0 runs, 0 hits, 0 errors, 0 left on base; Bowie 3 - Portland 4
TOP OF THE 9TH
Bowie Baysox batting - Pitching for Portland Sea Dogs : LHP Kyle Worford
Pitching: RHP Mike Osgood
Batting: RHB Willie Manrique 0-0: Called Strike
0-1: Ball
1-1: Ball
2-1: Foul Ball, location: 2F
2-2: Fly out, F3 (Popup, 23F, EV 88.8 MPH)
Pinch Hitting: LHB Raul Rojas 0-0: Ball
1-0: Ball
2-0: Ball
3-0: Base on Balls
Batting: RHB Danny Merrill 0-0: Fielders Choice at 2nd, 5-4 (Groundball, 5L, EV 90.6 MPH)
Batting: RHB Andy Chess 0-0: Foul Ball, location: 2F
0-1: Swinging Strike
0-2: Ball
1-2: Ball
2-2: Foul Ball, location: 2F
2-2: Foul Ball, location: 2F
2-2: Strikes out swinging, 2-3 out at first.
Top of the 9th over - 0 runs, 0 hits, 0 errors, 1 left on base; Bowie 3 - Portland 4
Tuesday, September 13th , 2022 - OOTP Baseball 23.7 Build 88